Map: Orbital Shipyard

Players

SolaCe (Nina) - Winner!

  • Race: Protoss Protoss
  • League: Master

RepMeaSt (Semper)

  • Race: Terran Terran
  • League: Master

Event: ASL Season 5 Prime League LOTV Beta

VOD

Have the link to the VOD?

Description

Time

  • Played on: Sept. 22, 2015, 9:03 p.m.
  • Length: 8:15

All games in this series

Show
View Real Time Build Order
Export as new Build Order

SolaCe Protoss - Winner!

Build Orders: 1 Gate Expand 

Get SALT Encoding   

  12  0:00  Probe (Chrono Boost)  
  13  0:10  Probe (Chrono Boost)  
  14  0:17  Pylon  
  14  0:21  Probe (Chrono Boost)  
  15  0:35  Probe (Chrono Boost)  
  16  0:37  Gateway  
  16  0:45  Probe (Chrono Boost)  
  16  0:47  Assimilator  
  17  0:55  Probe (Chrono Boost)  
  18  1:05  Probe (Chrono Boost)  
  19  1:14  Probe (Chrono Boost)  
  20  1:24  Probe (Chrono Boost)  
  20  1:25  Cybernetics Core  
  21  1:33  Nexus  
  21  1:37  Probe (Chrono Boost)  
  22  1:45  Pylon  
  22  1:46  Probe (Chrono Boost)  
  22  1:50  Assimilator  
  23  2:02  Mothership Core (Chrono Boost)  
  23  2:04  Adept  
  27  2:17  Warp Gate  
  27  2:20  Probe (Chrono Boost)  
  28  2:30  Probe (Chrono Boost)  
  28  2:31  Adept  
  31  2:44  Probe (Chrono Boost), Nexus  
  31  2:47  Probe (Chrono Boost)  
  33  2:54  Probe (Chrono Boost)  
  33  2:57  Probe (Chrono Boost)  
  35  3:04  Probe (Chrono Boost)  
  36  3:07  Probe (Chrono Boost)  
  37  3:14  Probe (Chrono Boost)  
  37  3:17  Probe (Chrono Boost)  
  37  3:18  Robotics Facility  
  39  3:24  Probe (Chrono Boost)  
  38  3:27  Probe (Chrono Boost)  
  39  3:34  Probe (Chrono Boost)  
  39  3:37  Probe (Chrono Boost), Gateway  
  39  3:38  Gateway  
  41  3:44  Probe (Chrono Boost)  
  41  3:47  Twilight Council  
  42  3:48  Probe (Chrono Boost)  
  42  3:49  Pylon  
  42  3:54  Probe (Chrono Boost)  
  44  3:56  Probe (Chrono Boost)  
  44  3:58  Probe (Chrono Boost)  
  46  4:04  Probe x2 (Chrono Boost), Observer (Chrono Boost)  
  46  4:05  Pylon  
  46  4:08  Probe, Forge  
  49  4:14  Probe  
  49  4:16  Probe  
  52  4:18  Probe  
  52  4:21  Adept  
  55  4:24  Probe  
  55  4:28  Probe x2  
  58  4:34  Probe  
  58  4:35  Gateway  
  58  4:36  Gateway  
  60  4:39  Observer (Chrono Boost)  
  60  4:43  Protoss Shields Level 1, Probe  
  60  4:44  Probe, Adept x2  
  65  4:50  Probe  
  67  4:53  Pylon  
  67  4:58  Adept  
  67  4:59  Pylon  
  69  5:01  Pylon  
  69  5:05  Probe  
  70  5:07  Observer (Chrono Boost)  
  70  5:10  Adept x2, Shield Upgrade  
  75  5:18  Pylon  
  75  5:22  Adept  
  77  5:28  Gateway  
  77  5:30  Pylon x2  
  77  5:31  Gateway  
  77  5:32  Adept x4  
  85  5:37  Observer (Chrono Boost)  
  85  5:41  Probe  
  85  5:42  Probe x2  
  86  5:46  Assimilator  
  86  5:49  Photon Cannon x2, Assimilator  
  88  5:51  Gateway, Probe  
  88  5:55  Adept x3  
  95  6:00  Probe  
  95  6:02  Probe  
  94  6:09  Adept x2, Warp Prism (Chrono Boost), Assimilator  
  94  6:10  Assimilator  
  99  6:21  Probe  
  99  6:23  Probe  
  99  6:24  Probe  
  100  6:29  Adept  
  100  6:30  Adept x3  
  109  6:33  Probe  
  110  6:41  Adept x3  
  110  6:45  Probe  
  118  6:47  Probe  
  118  6:49  Probe, Pylon  
  118  6:50  Pylon  
  118  6:53  Pylon  
  119  6:54  Adept  
  119  6:55  Adept x2  
  125  7:06  Pylon  
  125  7:07  Pylon  
  125  7:10  Adept x3  
  125  7:11  Pylon  
  125  7:14  Adept x2  
  135  7:26  Stalker x3  
  135  7:42  Stalker x5  
  145  7:49  Stalker x3  
Show
View Real Time Build Order
Export as new Build Order

RepMeaSt Terran 

Build Orders: MMM Bio 

Get SALT Encoding   

  12  0:01  SCV  
  13  0:13  SCV  
  14  0:18  Supply Depot  
  14  0:25  SCV  
  15  0:39  SCV  
  15  0:40  Barracks  
  16  0:45  Refinery  
  16  0:51  SCV  
  17  1:03  SCV  
  18  1:15  SCV  
  19  1:28  Barracks Reactor, Orbital Command  
  19  1:42  Command Center  
  19  1:53  SCV  
  20  1:57  Supply Depot  
  20  2:05  SCV, Marine x2  
  23  2:14  Factory  
  23  2:19  SCV  
  23  2:22  Bunker  
  24  2:24  Marine  
  24  2:25  Marine  
  26  2:31  SCV  
  27  2:43  SCV, Marine x2  
  30  2:56  Orbital Command  
  31  2:58  SCV  
  31  2:59  Starport, Widow Mine  
  31  3:03  Marine x2  
  35  3:10  SCV  
  35  3:22  SCV  
  35  3:24  SCV  
  35  3:26  Marine x2  
  39  3:29  Widow Mine  
  39  3:32  Supply Depot  
  41  3:34  SCV  
  41  3:36  SCV  
  41  3:37  Viking  
  45  3:44  Marine  
  46  3:50  Supply Depot  
  46  3:53  Marine  
  46  3:54  SCV x2  
  49  4:00  Widow Mine  
  51  4:07  SCV  
  52  4:12  Barracks, Medivac  
  52  4:14  SCV, Barracks  
  52  4:16  Marine x2  
  57  4:20  Refinery  
  57  4:29  SCV  
  57  4:42  Command Center, Marine x2  
  57  4:43  Factory Tech Lab, Starport Tech Lab  
  57  4:44  SCV  
  60  4:51  SCV  
  61  4:53  Supply Depot  
  61  4:57  Refinery, Engineering Bay  
  61  5:00  Marine  
  62  5:15  SCV x2, Marine  
  62  5:16  Barracks  
  62  5:17  Barracks  
  62  5:18  Supply Depot  
  62  5:19  Starport Reactor  
  62  5:21  Factory Reactor  
  65  5:22  Stimpack  
  65  5:26  Refinery  
  65  5:27  SCV x2  
  67  5:32  Marine  
  68  5:39  SCV x2  
  68  5:42  Marine  
  69  5:51  SCV  
  69  5:54  Marauder, Marine  
  69  5:55  Marauder  
  74  5:58  Orbital Command  
  74  5:59  SCV  
  74  6:03  SCV  
  71  6:05  Barracks Reactor  
  71  6:06  Combat Shields  
  71  6:08  Medivac  
  73  6:11  SCV  
  74  6:19  SCV, Widow Mine x2  
  74  6:23  SCV  
  74  6:24  SCV  
  79  6:27  Marine x2  
  79  6:28  Barracks Reactor  
  79  6:29  Missile Turret  
  81  6:34  SCV  
  81  6:36  SCV  
  81  6:37  SCV, Engineering Bay  
  84  6:47  Medivac  
  84  6:48  Marine x5  
  84  6:51  Medivac  
  93  6:55  Supply Depot x2  
  93  6:57  Refinery  
  93  6:59  SCV  
  93  7:16  Marine x4, Widow Mine x2  
  93  7:17  SCV x2, Marine x2, Marauder  
  93  7:18  Marine  
  101  7:24  SCV  
  92  7:34  Marine x3  
  92  7:35  Marine x3, Marauder  
  92  7:36  SCV x2  
  92  7:38  Marine  
  88  7:45  Widow Mine x2  
  88  7:48  SCV  
  93  7:52  Marine x3  
  93  7:53  SCV, Marine x3  
  93  7:56  Marine  
Tags
 
Add a new tag
Caveats
  • Supply blocks, unpowered buildings, or Contaminate may cause inaccurate times.
  • Supply counts are checked every 10 seconds.